AoeStats
← francoishurdebise

Arena

510594755Analyzed
1v1 RM · 17h ago on Oct 1, 2026· 66m 44s· 2 players
Game mode
Random Map
Map size
Tiny (2 player)
Population
200
Speed
Normal
Resources
Standard
Victory
Conquest
Starting age
Dark Age
Ending age
Imperial Age
RankedLock teamsTeams togetherTeam positionsShared explorationLock speedFull tech treeHidden civsTurbo modeCheats
Victory
Defeat
🇪🇸 Bohemians · Spain
190
+23
🇧🇪 Franks · Belgium
345
-26
popcorn6856
11:10 Feudal Age
13:13 Double-Bit Axe
17:26 Wheelbarrow
20:57 Castle Age
28:31 Hand Cart
30:33 Bow Saw
30:08 Horse Collar
34:30 Imperial Age
32:28 Heavy Plow
32:30 Man-at-Arms
34:18 Chemistry
33:30 Fortified Wall
34:36 Town Watch
34:37 Loom
36:02 Town Patrol
38:41 Wagenburg Tactics
38:44 Hussite Reforms
39:21 Houfnice
40:45 Conscription
45:45 Elite Hussite Wagon
46:06 Long Swordsman
47:10 Redemption
47:01 Atonement
47:12 Fervor
47:11 Two-Handed Swordsman
47:50 Champion
56:11 Block Printing
56:22 Illumination
55:53 Herbal Medicine
56:00 Devotion
56:35 Theocracy
56:21 Sanctity
56:22 Heresy
56:25 Pikeman
57:06 Squires
56:58 Halberdier
57:31 Arson
57:37 Crossbowman
60:59 Arrowslits
61:36 Bombard Tower
61:35 Scale Mail Armor
61:47 Forging
61:27 Fletching
61:38 Padded Archer Armor
61:44 Scale Barding Armor
francoishurdebise
12:49 Feudal Age
14:40 Wheelbarrow
13:54 Double-Bit Axe
16:31 Gold Mining
22:11 Castle Age
24:39 Bow Saw
25:40 Hand Cart
25:27 Stone Mining
26:34 Husbandry
27:43 Gold Shaft Mining
28:03 Scale Barding Armor
27:59 Scale Mail Armor
28:10 Forging
37:32 Imperial Age
35:41 Iron Casting
37:42 Chain Mail Armor
37:48 Chain Barding Armor
39:21 Plate Mail Armor
39:54 Blast Furnace
38:20 Cavalier
41:05 Plate Barding Armor
41:41 Elite Throwing Axeman
42:18 Elite Skirmisher
44:43 Ballistics
45:30 Chemistry
44:51 Masonry
44:54 Siege Engineers
44:49 Murder Holes
45:09 Fortified Wall
47:01 Paladin
Connection lost

Rejoining the realm…

Still unreachable

The connection could not be restored.

Session expired

The server has moved on; the page needs a fresh start.